 Dungeon Crawl Stone Soup version 0.19-a0-599-g723c685 (webtiles) character file.

119 epen the Sneak (level 4, -1/22 HPs)
             Began as a Spriggan Enchanter on June 11, 2016.
             Slain by an orc
             ... wielding a +0 flail
              (9 damage)
             ... on level 3 of the Dungeon.
             The game lasted 00:05:01 (2431 turns).

epen the Sneak (Spriggan Enchanter)                 Turns: 2431, Time: 00:05:02

Health: -1/22      AC:  3    Str:  4    XL:     4   Next: 73%
Magic:  5/10       EV: 19    Int: 16    God:
Gold:   54         SH:  0    Dex: 17    Spells: 3 memorised, 4 levels left

rFire  . . .     SeeInvis +     a - +1 dagger
rCold  . . .     Gourm    .     b - +1 robe
rNeg   . . .     Faith    .     (shield restricted)
rPois  .         Spirit   .     (helmet restricted)
rElec  .         Dismiss  .     (no cloak)
rCorr  .         Reflect  .     (gloves unavailable)
SustAt .         Harm     .     (boots unavailable)
MR     .....                    (no amulet)
Stlth  +++.......               (no ring)
                                (no ring)

@: very quick, not resistant to hostile enchantments, fairly stealthy
A: unfitting armour, see invisible, herbivore 3, speed 3, slow metabolism 2
a: no special abilities


You were on level 3 of the Dungeon.
You were near starving.

You visited 1 branch of the dungeon, and saw 3 of its levels.

You collected 54 gold pieces.

Inventory:

Hand Weapons
 a - a +1 dagger (weapon)
Armour
 b - a +1 robe (worn)
Jewellery
 f - an uncursed amulet of harm {unknown}
Wands
 m - a wand of random effects (22/48)
Scrolls
 g - a scroll of random uselessness {unknown}
 i - a scroll of identify {unknown}
 l - a scroll of enchant weapon {unknown}
 n - a scroll of noise {unknown}
Potions
 e - 3 potions of degeneration {unknown}
 h - a potion of haste {unknown}
 j - a potion of heal wounds {unknown}
 k - a potion of curing {unknown}
Books
 c - a book of Maledictions

   Spells                             Type                      Level
   a - Corona                         Hexes                        1
   b - Ensorcelled Hibernation        Hexes/Ice                    2
   c - Confuse                        Hexes                        3
   d - Tukima's Dance                 Hexes                        3
   e - Dazzling Spray                 Conjuration/Hexes            3
Comestibles
 d - a bread ration


   Skills:
 + Level 1.0 Fighting
 + Level 2.5 Short Blades
 + Level 3.7 Dodging
 + Level 4.8 Stealth
 + Level 3.7 Spellcasting
 + Level 4.4 Hexes


You had 4 spell levels left.
You knew the following spells:

 Your Spells              Type           Power        Failure   Level  Hunger
a - Corona                Hex            ###....      3%          1    None
b - Ensorcelled Hibernat  Hex/Ice        ##....       12%         2    ##.....
c - Confuse               Hex            ###.....     12%         3    ###....


Dungeon Overview and Level Annotations

Branches:
Dungeon (3/15)

Altars:
Kikubaaqudgha
Ru


Innate Abilities, Weirdness & Mutations

You are tiny and cannot use many weapons and most armour.
You have supernaturally acute eyesight. (SInv)
You are a herbivore.
You cover ground extremely quickly.
You need consume almost no food.


Message History

The jackal misses you. The jackal closely misses you.
You hit the jackal.
The jackal is almost dead.
The jackal misses you.
You hit the jackal.
You kill the jackal!
You closely miss the orc. The orc completely misses you.
You hit the orc.
The orc is lightly wounded.
The orc misses you. x2
You hit the orc but do no damage.
The orc is lightly wounded.
The orc misses you.
You barely miss the orc.
The orc is lightly wounded.
The orc closely misses you. The orc hits you with a whip.
You barely miss the orc.
The orc is lightly wounded.
The orc hits you with a flail!
You die...

#.###..)#....#.#
#.##†....†...#.#
#####.#####.._...#.#####
......# ##.....#.#....
...#########..##........
..............##........
...######.....##........
...# #......#.†......
#### #....#.#@o......
######.#..#o......
#...............##
#.........#.....#
#...............#
#......(.#.#.####
##########.%.# #..# ..#


You could see 2 orcs.

Vanquished Creatures
  5 adders
  2 worms
  2 dart slugs
  An orc (D:3)
  2 ball pythons
  4 bats
  3 giant cockroaches (D:1)
  4 goblins
  5 hobgoblins
  14 jackals
  3 quokkas (D:2)
  2 giant newts
  7 kobolds
  7 rats
61 creatures vanquished.

Notes
Turn   | Place    | Note
--------------------------------------------------------------
     0 | D:1      | epen the Spriggan Enchanter began the quest for the Orb.
     0 | D:1      | Reached XP level 1. HP: 9/9 MP: 5/5
   316 | D:1      | Reached XP level 2. HP: 8/13 MP: 5/7
   320 | D:1      | Learned a level 2 spell: Ensorcelled Hibernation
   962 | D:1      | Reached XP level 3. HP: 11/17 MP: 5/8
   967 | D:1      | Learned a level 3 spell: Confuse
  1230 | D:2      | Found a sacrificial altar of Ru.
  1232 | D:2      | Reached skill level 1 in Fighting
  1504 | D:2      | Reached XP level 4. HP: 11/22 MP: 2/10
  2332 | D:3      | Found an ancient bone altar of Kikubaaqudgha.
  2431 | D:3      | Slain by an orc

Vault maps used:
D:1:      minmay_arrival_split_and_join
D:2:      old_standard_altar, minmay_misc_feat_secret_circle
D:3:      overflow_temple_1_default, minmay_divided_ellipse

Skill      XL: |  1  2  3 |
---------------+----------+-----
Spellcasting   | 3 |  3.7
Hexes          | 4 |  4.4
Fighting       | 1 |  1.0
Short Blades   | 2 |  2.5
Dodging        | |  3.7
Stealth        | |  4.8

Action                   |  1- 3 |  4- 6 || total
-------------------------+-------+-------++-------
Melee: Dagger            |   172 |    87 ||   259
 Cast: Corona            |     4 |       ||     4
       Ensorcelled Hiber |    14 |     1 ||    15
       Confuse           |     5 |     8 ||    13
 Stab: Sleeping          |    18 |     2 ||    20
       Confused          |     1 |     5 ||     6
Armor: Robe              |    16 |    15 ||    31
Dodge: Dodged            |   127 |    97 ||   224
